 Dungeon Crawl Stone Soup version 0.23.2-33-g5129a83184 (webtiles) character file.

Game seed: 4951887904700791955

10506 Lauz the Destroyer (level 11, -2/54 HPs)
             Began as a Deep Elf Conjurer on July 4, 2019.
             Was an Elder of Vehumet.
             Slain by an orc warrior
             ... wielding a +0 hand axe
              (14 damage)
             ... on level 10 of the Dungeon.
             The game lasted 00:54:37 (14115 turns).

Lauz the Destroyer (Deep Elf Conjurer)             Turns: 14115, Time: 00:54:37

Health: -2/54      AC:  5    Str:  5    XL:     11   Next: 37%
Magic:  34/38      EV: 22    Int: 24    God:    Vehumet [****..]
Gold:   600        SH:  5    Dex: 15    Spells: 20/34 levels left

rFire    . . .     SeeInvis .   (no weapon)
rCold    . . .     Gourm    .   H - +0 buckler
rNeg     . . .     Faith    .   S - +0 troll leather armour
rPois    .         Spirit   .   m - +1 hat
rElec    .         Reflect  .   (no cloak)
rCorr    .         Harm     .   (no gloves)
MR       +....                  (no boots)
Stlth    ++........             x - amulet of the acrobat
HPRegen  0.58/turn              b - ring of magical power
MPRegen  0.26/turn              z - +6 ring of evasion

@: no status effects
A: no striking features
a: Renounce Religion


You were on level 10 of the Dungeon.
You worshipped Vehumet.
Vehumet was greatly pleased with you.
You were hungry.

You visited 2 branches of the dungeon, and saw 12 of its levels.

You collected 600 gold pieces.

Inventory:

Hand Weapons
 q - a +4 long sword of slicing
 s - a +2 quarterstaff of chaos
 t - a +1 dagger of venom
 M - the +1 mace of Yroinyqe {venom, -Tele rN+ Str+4 Dex+4}
   (You found it on level 8 of the Dungeon)

   It poisons the flesh of those it strikes.
   It affects your strength (+4).
   It affects your dexterity (+4).
   It protects you from negative energy.
   It prevents most forms of teleportation.
Armour
 m - a +1 hat (worn)
 C - a +0 leather armour
 G - a +2 robe
 H - a +0 buckler (worn)
 Q - a +4 scale mail
 S - a +0 troll leather armour (worn)
Jewellery
 b - a ring of magical power (left hand)
 u - an uncursed ring of ice
 x - an amulet of the acrobat (around neck)
 z - a +6 ring of evasion (right hand)
 B - an uncursed amulet of the gourmand
 K - an uncursed ring of stealth
Wands
 r - a wand of digging (9)
 w - a wand of random effects (32)
 E - a wand of iceblast (10)
 I - a wand of flame (15)
 P - a wand of paralysis (11)
Scrolls
 a - 3 scrolls of amnesia {unknown}
 f - 3 scrolls of noise {unknown}
 i - 2 scrolls of enchant weapon {unknown}
 j - 2 scrolls of teleportation
 k - 4 scrolls of remove curse
 p - a scroll of enchant armour {unknown}
 v - a scroll of random uselessness {unknown}
 y - 2 scrolls of fear {unknown}
 A - a scroll of magic mapping {unknown}
 J - 4 scrolls of identify
 L - a scroll of fog {unknown}
 O - a scroll of immolation {unknown}
Potions
 d - 3 potions of mutation
 e - 3 potions of brilliance
 g - a potion of agility
 h - 2 potions of flight {unknown}
 l - 3 potions of might {unknown}
 n - 4 potions of curing
 o - 2 potions of magic {unknown}
 D - a potion of haste {unknown}
 F - a potion of ambrosia {unknown}
 N - a potion of cancellation {unknown}
Comestibles
 c - 17 rations


   Skills:
 + Level 2.0 Armour
 * Level 8.5 Dodging
 - Level 2.5 Stealth
 * Level 3.1 Shields
 + Level 12.0 Spellcasting
 + Level 12.1 Conjurations
 + Level 4.9 Hexes
 + Level 1.8 Translocations
 * Level 6.9 Fire Magic


You had 20 spell levels left.
You knew the following spells:

 Your Spells              Type           Power        Failure   Level  Hunger
a - Magic Dart            Conj           ####         1%          1    None
b - Iskenderun's Mystic   Conj           ######..     1%          4    None
c - Fulminant Prism       Conj/Hex       ######....   1%          4    None
d - Force Lance           Conj/Tloc      #####...     1%          4    None
e - Flame Tongue          Conj/Fire      #####        1%          1    None

Your spell library contained the following spells:

 Spells                   Type           Power        Failure   Level  Hunger
 Inner Flame              Hex/Fire       #####...     1%          3    None
 Searing Ray              Conj           ######       1%          2    None
 Dazzling Spray           Conj/Hex       ######       1%          3    None
 Animate Skeleton         Necr           N/A          8%          1    None
 Beastly Appendage        Tmut           ##....       8%          1    None
 Pain                     Necr           ##..         8%          1    None
 Sticks to Snakes         Tmut           ##......     12%         2    None
 Regeneration             Chrm/Necr      ##........   22%         3    None
 Spider Form              Tmut/Pois      ##........   22%         3    None
 Vampiric Draining        Necr           ##........   22%         3    None
 Animate Dead             Necr           N/A          58%         4    None
 Ice Form                 Ice/Tmut       ##......     58%         4    None
 Blade Hands              Tmut           ##........   91%         5    ###....


Dungeon Overview and Level Annotations

Branches:
Dungeon (11/15)            Temple (1/1) D:4
   Lair: D:8-11         Orc: D:9-12

Altars:
Ashenzari
Cheibriados
Dithmenos
Elyvilon
Fedhas
Gozag
Hepliaklqana
Kikubaaqudgha
Makhleb
Nemelex Xobeh
Okawaru
Qazlal
Ru
Sif Muna
Trog
Uskayaw
Vehumet
Wu Jian
Xom
Yredelemnul
Zin
The Shining One
Beogh

Shops:
D:8 :   D:10 *

Annotations:
D:11 Snorg


Message History

The orc warrior hits you with a +0 hand axe!
The orc hits you but does no damage.
You climb upwards.
Reactivating autopickup.
There is a stone staircase leading down here.
Casting: Force Lance (safe; 1% risk of failure)
Confirm with . or Enter, or press ? or * to list all spells.
Aiming: Fulminant Prism (safe; 1% risk of failure)
Press: ? - help, Dir - move target cursor You conjure a prism of explosive energy!
Something closely misses you. Something bites you but does no damage.
Deactivating autopickup; reactivate with Ctrl-A.
The orc barely misses you. The orc warrior completely misses you.
The orc warrior hits your fulminant prism with a +0 hand axe.
You barely miss something. Something hits you!
* * * LOW HITPOINT WARNING * * *
Something closely misses you. The orc hits you with a +0 short sword.
* * * LOW HITPOINT WARNING * * *
The orc warrior hits you with a +0 hand axe!
You die...

.................................
..############################.##
..# #.# ..# #.# ..# #.#
..############################.#
..........>....................##
...............(*o...............
...............o@.###############
..###############.# ..# #(# ..#
#.# ..# #.# ..# #.#
..###############.#
..................###############
.................................


You could see an orc warrior, an orc and a friendly fulminant prism.

Vanquished Creatures
  Harold (D:7)
  Erica (D:9)
  A two-headed ogre (D:9)
  2 unseen horrors
  The ghost of dvd the Firebug, a novice OpFE (D:6)
  Psyche (D:8)
  A gargoyle (D:9)
  An efreet (D:9)
  A troll (D:10)
  6 yaks
  A wraith (D:7)
  A hungry ghost (D:9)
  2 water moccasins
  7 orc warriors
  2 ice beasts
  A phantom (D:9)
  5 ogres
  A necrophage (D:10)
  6 centaurs
  2 big kobolds
  3 bullfrogs
  A wyvern zombie (D:9)
  3 scorpions
  6 killer bees
  3 howler monkeys (D:8)
  8 wights
  A bullfrog zombie (D:9)
  3 crimson imps
  6 orc priests
  5 hounds
  Crazy Yiuf (D:2)
  Jessica (D:2)
  An iguana (D:4)
  Ijyb (D:3)
  Terence (D:2)
  15 orc wizards
  7 worker ants
  A hound zombie (D:9)
  A hound skeleton (D:7)
  11 adders
  3 worms
  2 dart slugs (D:1)
  4 leopard geckos
  54 orcs
  3 bats
  9 giant cockroaches
  8 goblins
  4 hobgoblins
  8 jackals
  3 quokkas
  2 ball pythons
  9 frilled lizards
  A giant cockroach zombie (D:6)
  10 kobolds
  3 quokka skeletons
  A quokka zombie (D:8)
  5 rats
252 creatures vanquished.

Vanquished Creatures (others)
  53 fulminant prisms
53 creatures vanquished.

Grand Total: 305 creatures vanquished

Notes
Turn   | Place    | Note
-------+----------+-------------------------------------------
     0 | D:1      | Lauz the Deep Elf Conjurer began the quest for the Orb.
     0 | D:1      | Reached XP level 1. HP: 10/10 MP: 6/6
   375 | D:1      | Reached XP level 2. HP: 15/15 MP: 2/8
   440 | D:1      | Reached skill level 5 in Conjurations
   702 | D:2      | Noticed Terence
   725 | D:2      | Noticed Jessica
   729 | D:2      | Killed Jessica
   729 | D:2      | Reached XP level 3. HP: 16/19 MP: 4/9
  1113 | D:2      | Reached XP level 4. HP: 24/24 MP: 9/11
  1327 | D:1      | Learned a level 4 spell: Iskenderun's Mystic Blast
  2276 | D:2      | Killed Terence
  2756 | D:2      | You fall through a shaft for 2 floors!
  2800 | D:3      | Noticed Ijyb
  3025 | D:4      | Found a staircase to the Ecumenical Temple.
  3034 | Temple   | Entered the Ecumenical Temple
  3062 | Temple   | Became a worshipper of Vehumet
  3341 | D:4      | Reached XP level 5. HP: 28/28 MP: 10/12
  4024 | D:3      | Killed Ijyb
  4266 | D:2      | Found a runed translucent door.
  4267 | D:2      | Noticed Crazy Yiuf
  4273 | D:2      | Killed Crazy Yiuf
  4635 | D:3      | Reached skill level 5 in Spellcasting
  4635 | D:3      | Reached XP level 6. HP: 32/32 MP: 5/15
  5458 | D:4      | Found a deep blue altar of Sif Muna.
  5647 | D:5      | Entered Level 5 of the Dungeon
  5825 | D:5      | Reached XP level 7. HP: 29/36 MP: 14/17
  6330 | D:5      | Learned a level 4 spell: Fulminant Prism
  6335 | D:5      | Learned a level 4 spell: Force Lance
  6423 | D:5      | Reached * piety under Vehumet
  6423 | D:5      | Offered knowledge of Flame Tongue by Vehumet.
  6461 | D:5      | Learned a level 1 spell: Flame Tongue
  6595 | D:6      | Found a runed translucent door.
  6646 | D:6      | Noticed dvd's ghost (novice OpFE)
  6681 | D:6      | Reached skill level 1 in Fire Magic
  6950 | D:6      | Reached skill level 1 in Hexes
  6979 | D:6      | Reached XP level 8. HP: 41/41 MP: 18/20
  7245 | D:6      | Reached skill level 5 in Dodging
  8095 | D:6      | Killed dvd's ghost
  8095 | D:6      | Reached skill level 10 in Conjurations
  8095 | D:6      | Reached XP level 9. HP: 45/45 MP: 5/23
  8433 | D:7      | Found an ancient bone altar of Kikubaaqudgha.
  8542 | D:7      | Noticed Harold
  8934 | D:7      | Reached ** piety under Vehumet
  9084 | D:7      | Killed Harold
  9084 | D:7      | Offered knowledge of Throw Flame by Vehumet.
  9084 | D:7      | Reached skill level 1 in Armour
  9084 | D:7      | Reached skill level 1 in Translocations
  9502 | D:7      | Found a deep blue altar of Sif Muna.
  9723 | D:8      | Noticed Psyche
  9727 | D:8      | Killed Psyche
  9777 | D:8      | Reached skill level 10 in Spellcasting
  9777 | D:8      | Reached XP level 10. HP: 47/50 MP: 12/26
 10405 | D:8      | Offered knowledge of Conjure Flame by Vehumet.
 10476 | D:8      | Reached *** piety under Vehumet
 10562 | D:8      | Reached skill level 5 in Fire Magic
 10653 | D:8      | Found a roughly hewn altar of Beogh.
 10713 | D:8      | Found Yshrukim's Book Boutique.
 10879 | D:8      | Reached skill level 1 in Shields
 10941 | D:8      | Offered knowledge of Throw Icicle by Vehumet.
 11234 | D:8      | Got a bone mace
 11235 | D:8      | Identified the cursed +1 mace of Yroinyqe {venom, -Tele rN+
                  | Str+4 Dex+4} (You found it on level 8 of the Dungeon)
 11362 | D:9      | Killed an unseen horror
 11449 | D:9      | Noticed Erica
 11463 | D:9      | Killed Erica
 12165 | D:9      | Noticed a two-headed ogre
 12174 | D:9      | Killed a two-headed ogre
 12174 | D:9      | Reached XP level 11. HP: 41/54 MP: 28/28
 12309 | D:9      | Reached **** piety under Vehumet
 12423 | D:9      | Found a bloodstained altar of Trog.
 12866 | D:10     | Entered Level 10 of the Dungeon
 13058 | D:10     | Found Ovaarrug's General Store.
 13152 | D:10     | Offered knowledge of Inner Flame by Vehumet.
 13877 | D:10     | Killed an unseen horror
 13988 | D:11     | Noticed Snorg
 14115 | D:10     | Slain by an orc warrior

Skill      XL: |  1  2  3  4  5  6  7  8  9 10 11 |
---------------+----------------------------------+-----
Conjurations   | 5 6 7 8 10 11 12 | 12.1
Spellcasting   | 5 7 8 10 11 12 | 12.0
Dodging        | 3 4 5 7 8 |  8.5
Fire Magic     | 1 3 4 6 |  6.9
Hexes          | 1 2 3 4 |  4.9
Armour         | 1 2 |  2.0
Translocations | 1 |  1.8
Shields        | 2 3 |  3.1
Stealth        | |  2.5

Action                   |  1- 3 |  4- 6 |  7- 9 | 10-12 || total
-------------------------+-------+-------+-------+-------++-------
Melee: Unarmed           |       |       |       |     3 ||     3
 Cast: Magic Dart        |    62 |    94 |    92 |    85 ||   333
       Iskenderun's Myst |       |    28 |    43 |    81 ||   152
       Fulminant Prism   |       |       |    20 |    34 ||    54
       Force Lance       |       |       |    15 |     8 ||    23
       Flame Tongue      |       |       |     4 |    13 ||    17
  Use: Scroll            |       |     3 |     4 |     1 ||     8
  Eat: Chunk             |       |    15 |    11 |    13 ||    39
       Ration            |       |     1 |     2 |       ||     3
Armor: Robe              |       |     3 |     3 |       ||     6
       Leather armour    |       |       |     1 |       ||     1
       Troll leather arm |       |       |       |     3 ||     3
Dodge: Dodged            |     7 |    15 |    25 |    45 ||    92
Block: Buckler           |       |       |       |     6 ||     6
